Map: Winter's Gate LE

Players

Mez

  • Race: Terran Terran
  • League: Master
  • Spawn Location: 11:00

A.I. 1 (Very Easy) - Winner!

  • Race: Terran Terran
  • Spawn Location: 5:00

VOD

Have the link to the VOD?

Description

Time

  • Played on: Aug. 23, 2019, 4:07 p.m.
  • Length: 5:12
Show
View Real Time Build Order
Export as new Build Order

Mez Terran 

Build Orders: Reaper Expand 

Get SALT Encoding   

  12  0:01  SCV  
  13  0:13  SCV  
  14  0:17  Supply Depot  
  14  0:25  SCV  
  15  0:38  SCV  
  15  0:41  Barracks  
  16  0:45  Refinery  
  16  0:51  SCV  
  17  1:03  SCV  
  18  1:15  SCV  
  19  1:29  Orbital Command, Reaper  
  20  1:39  Command Center  
  20  1:48  Bunker  
  20  1:54  SCV  
  20  1:57  Supply Depot  
  21  2:02  Barracks Reactor  
  21  2:06  SCV  
  22  2:18  SCV  
  23  2:31  Command Center  
  23  2:33  SCV  
  24  2:40  Factory  
  24  2:45  Marine x2  
  24  2:49  SCV  
  27  2:55  Orbital Command  
  27  3:03  SCV, Refinery  
  28  3:08  Marine x2  
  30  3:16  SCV  
  31  3:22  Barracks  
  31  3:28  Marine, Widow Mine  
  31  3:29  Marine  
  31  3:30  SCV  
  31  3:32  SCV  
  37  3:42  SCV  
  37  3:43  Barracks  
  37  3:45  Orbital Command  
  37  3:47  SCV  
  39  3:50  Widow Mine  
  39  3:52  Marine  
  39  3:54  Marine, SCV  
  44  3:59  SCV  
  45  4:04  Barracks  
  45  4:06  SCV  
  46  4:11  Barracks Tech Lab  
  46  4:15  Factory Reactor  
  46  4:16  Starport  
  46  4:17  SCV x2  
  46  4:21  Refinery  
  46  4:23  Marine x2  
  50  4:26  SCV  
  51  4:32  SCV  
  51  4:33  SCV  
  51  4:36  Marine, Refinery  
  54  4:40  SCV  
  54  4:45  SCV  
  56  4:46  Marine x2  
  56  4:51  SCV  
  56  4:52  SCV  
  60  4:55  Barracks Tech Lab  
  60  4:59  SCV  
  61  5:02  Engineering Bay x2  
  61  5:03  Factory Reactor  
  61  5:10  Supply Depot  
Show
View Real Time Build Order
Export as new Build Order

A.I. 1 (Very Easy) Terran - Winner!

Build Orders:  

Get SALT Encoding   

  12  0:00  SCV  
  13  0:13  SCV  
  14  0:18  Supply Depot  
  14  0:37  Refinery  
  14  0:43  Barracks  
  14  1:04  Supply Depot  
  14  1:11  Refinery  
  14  1:29  Orbital Command  
  14  1:30  Marine  
  15  1:48  Barracks Tech Lab  
  15  1:55  SCV  
  16  2:07  SCV  
  17  2:16  Marine  
  17  2:19  SCV  
  19  2:31  SCV  
  20  2:43  SCV  
  21  2:55  SCV  
  22  3:02  Marauder  
Tags
 
Add a new tag
Caveats
  • Supply blocks, unpowered buildings, or Contaminate may cause inaccurate times.
  • Supply counts are checked every 10 seconds.